 Dungeon Crawl Stone Soup version 0.23-a0-393-g6e9e0f2 (webtiles) character file.

3304 RoseArtemis the Thaumaturge (level 9, -3/46 HPs)
             Began as a Spriggan Enchanter on Oct 31, 2018.
             Was an Initiate of Gozag.
             Engulfed by a cloud of freezing vapour (12 damage)
             ... on level 8 of the Dungeon.
             The game lasted 00:26:27 (7644 turns).

RoseArtemis the Thaumaturge (Spriggan Enchanter)    Turns: 7644, Time: 00:26:28

Health: -3/46      AC:  6    Str:  4    XL:     9   Next: 70%
Magic:  24/24      EV: 24    Int: 19    God:    Gozag
Gold:   1088       SH:  0    Dex: 23    Spells: 19/28 levels left

rFire    . . .     SeeInvis +   m - +3 dagger (venom)
rCold    . . .     Gourm    .   (shield restricted)
rNeg     . . .     Faith    .   l - +1 troll leather armour
rPois    +         Spirit   .   (helmet restricted)
rElec    .         Reflect  .   C - +0 cloak
rCorr    .         Harm     .   (gloves unavailable)
MR       +....                  (boots unavailable)
Stlth    +++.......             (no amulet)
HPRegen  0.55/turn              w - +6 ring of dexterity
MPRegen  0.19/turn              t - ring of poison resistance

@: very quick
A: very small, unfitting armour, see invisible, herbivore, speed 3, slow
metabolism 2
a: Potion Petition, Call Merchant, Bribe Branch, Renounce Religion


You were on level 8 of the Dungeon.
You worshipped Gozag.
Gozag was most pleased with you.
You were hungry.

You visited 2 branches of the dungeon, and saw 9 of its levels.

You collected 1152 gold pieces.
You paid 64 gold pieces to Gozag.

Inventory:

Hand Weapons
 m - a +3 dagger of venom (weapon)
Missiles
 i - 40 poisoned needles
Armour
 l - a +1 troll leather armour (worn)
 C - a +0 cloak (worn)
Jewellery
 h - an uncursed ring of protection from cold
 q - a +2 ring of protection
 t - a ring of poison resistance (right hand)
 u - an uncursed ring of protection from magic
 w - a +6 ring of dexterity (left hand)
Wands
 g - a wand of acid (5)
 o - a wand of polymorph (8)
 E - a wand of digging (7)
Scrolls
 c - a scroll of magic mapping
 e - 5 scrolls of teleportation
 j - a scroll of fog
 n - 4 scrolls of fear
 r - 2 scrolls of enchant weapon
 s - a scroll of blinking {unknown}
 v - 2 scrolls of remove curse
 y - a scroll of identify
 B - a scroll of immolation {unknown}
Potions
 a - a potion of haste
 b - 2 potions of curing
 f - 2 potions of brilliance
 k - 2 potions of mutation
 p - 2 potions of might
 x - a potion of berserk rage {unknown}
 z - a potion of lignification {unknown}
 A - a potion of heal wounds {unknown}
 D - a potion of invisibility {unknown}
Comestibles
 d - 13 rations


   Skills:
 + Level 4.3 Fighting
 + Level 6.6 Short Blades
 + Level 9.1 Dodging
 - Level 6.0 Stealth
 * Level 10.2 Spellcasting
 - Level 5.4 Hexes


You had 19 spell levels left.
You knew the following spells:

 Your Spells              Type           Power        Failure   Level  Hunger
a - Ensorcelled Hibernat  Hex/Ice        ###...       6%          2    None
b - Dazzling Spray        Conj/Hex       ###...       13%         3    None
c - Confuse               Hex            ####....     4%          3    None
d - Corona                Hex            ####...      1%          1    None

Your spell library contained the following spells:

 Spells                   Type           Power        Failure   Level  Hunger
 Tukima's Dance           Hex            ####....     4%          3    None
 Magic Dart               Conj           #...         13%         1    None
 Searing Ray              Conj           #.....       21%         2    None
 Fulminant Prism          Conj/Hex       ###.......   38%         4    ##.....
 Force Lance              Conj/Tloc      #.......     78%         4    ##.....
 Iskenderun's Mystic Bla  Conj           #.......     78%         4    ##.....


Dungeon Overview and Level Annotations

Branches:
Dungeon (8/15)             Temple (1/1) D:5
   Lair: D:8-11

Altars:
Ashenzari
Cheibriados
Dithmenos
Elyvilon
Fedhas
Gozag
Hepliaklqana
Kikubaaqudgha
Makhleb
Okawaru
Qazlal
Ru
Sif Muna
Trog
Uskayaw
Vehumet
Wu Jian
Xom
Yredelemnul
Zin
The Shining One


Innate Abilities, Weirdness & Mutations

You are very small and have problems with some larger weapons.
You are too small for most types of armour.
You have supernaturally acute eyesight. (SInv)
You are a herbivore.
You cover ground extremely quickly.
You need to consume almost no food.


Message History

Found 14 gold pieces.
You open the door.
There is an open door here.
Found 20 gold pieces.
Found 13 gold pieces.
You open the door.
Really walk into a travel-excluded area?
There is an open door here.
Found an escape hatch in the floor.
You are engulfed in freezing vapours.
You are engulfed in freezing vapours.
* * * LOW HITPOINT WARNING * * *
You are engulfed in freezing vapours.
* * * LOW HITPOINT WARNING * * *
Okay, then.
You feel better.
You are engulfed in freezing vapours.
* * * LOW HITPOINT WARNING * * *
You are engulfed in freezing vapours.
You die...
Your body crumbles into a pile of gold.

##$#.'.# #.###.... #
#####$#§### ... ....
# ....#$#§## . .##
..#.#§#§## <..
#.#§#§## ###
#.#§#§## #. #.#§#§##
... #. ###.#§#§###.
... #.
....#§#@###.##.# #.
....#§#§###.##.##..
.
.>..#§#§###.##.##.#
#.
....#§#§###.##.##.#
###
....#§#§###.##.##.#
..#
####.#§#§###.##.##.#
#.#
.....#§#§#......##.#
#.#
.....#§#§#.#.##.##.#
#.#
....#.#§#.#..#>...#
#.#


There were no monsters in sight!

Vanquished Creatures
  A hippogriff (D:7)
  Sigmund (D:3)
  Eustachio (D:4)
  A water moccasin (D:7)
  An orc warrior (D:7)
  A black bear (D:8)
  2 eyes of draining (D:6)
  An ice beast (D:8)
  2 phantoms
  4 ogres
  3 centaurs
  2 bullfrogs (D:7)
  A gnoll sergeant (D:6)
  2 scorpions
  2 jellies
  A howler monkey (D:6)
  A centaur zombie (D:6)
  3 hounds
  A bullfrog zombie (D:7)
  2 orc priests (D:6)
  10 orc wizards
  A bullfrog skeleton (D:6)
  5 iguanas
  4 worker ants
  A killer bee zombie (D:7)
  A worker ant zombie (D:5)
  9 gnolls
  12 adders
  A shadow imp (D:7)
  2 worms
  A dart slug (D:2)
  5 leopard geckos
  36 orcs
  7 bats
  3 giant cockroaches
  6 goblins
  6 hobgoblins
  9 jackals
  8 quokkas
  2 ball pythons
  5 frilled lizards
  A jackal zombie (D:8)
  10 kobolds
  A quokka skeleton (D:5)
  8 rats
187 creatures vanquished.

Notes
Turn   | Place    | Note
-------+----------+-------------------------------------------
     0 | D:1      | RoseArtemis the Spriggan Enchanter began the quest for the
                  | Orb.
     0 | D:1      | Reached XP level 1. HP: 9/9 MP: 5/5
   227 | D:1      | Reached XP level 2. HP: 11/13 MP: 6/6
   233 | D:1      | Learned a level 2 spell: Ensorcelled Hibernation
   640 | D:1      | Reached skill level 3 in Spellcasting
  1307 | D:2      | Reached XP level 3. HP: 16/16 MP: 5/8
  1382 | D:2      | Found an ornate altar of the Wu Jian Council.
  1609 | D:2      | Reached skill level 5 in Stealth
  2017 | D:2      | Reached XP level 4. HP: 21/21 MP: 9/9
  2438 | D:3      | Noticed Sigmund
  2449 | D:3      | Killed Sigmund
  2449 | D:3      | Reached skill level 5 in Hexes
  2449 | D:3      | Reached XP level 5. HP: 15/24 MP: 3/11
  2465 | D:3      | Learned a level 3 spell: Dazzling Spray
  2624 | D:3      | Reached skill level 4 in Spellcasting
  2737 | D:3      | Reached XP level 6. HP: 28/28 MP: 13/13
  3526 | D:4      | Noticed Eustachio
  3539 | D:4      | Killed Eustachio
  3539 | D:4      | Reached skill level 1 in Fighting
  3539 | D:4      | Reached skill level 5 in Dodging
  3614 | D:4      | Reached skill level 5 in Spellcasting
  3617 | D:4      | Reached XP level 7. HP: 26/33 MP: 9/15
  3630 | D:4      | Identified the cursed +1 robe of Beogh's Whim {rPois rF-
                  | Regen+ Str+4}
  3670 | D:4      | Found an opulent altar of Gozag.
  3675 | D:4      | Became a worshipper of Gozag Ym Sagoz the Greedy
  3996 | D:4      | Learned a level 3 spell: Confuse
  4059 | D:5      | Entered Level 5 of the Dungeon
  4060 | D:5      | Reached skill level 6 in Spellcasting
  4111 | D:5      | Found a staircase to the Ecumenical Temple.
  4116 | Temple   | Entered the Ecumenical Temple
  4252 | D:5      | Reached XP level 8. HP: 39/39 MP: 17/19
  4417 | D:5      | Found a blossoming altar of Fedhas.
  4423 | D:5      | Reached skill level 7 in Spellcasting
  4523 | D:5      | Found an ancient bone altar of Kikubaaqudgha.
  4860 | D:5      | Found a white marble altar of Elyvilon.
  4862 | D:5      | Found an opulent altar of Gozag.
  4862 | D:5      | Found a bloodstained altar of Trog.
  4864 | D:5      | Found a shimmering altar of Xom.
  4864 | D:5      | Found a glowing golden altar of the Shining One.
  4864 | D:5      | Found a snail-covered altar of Cheibriados.
  5003 | D:6      | Reached skill level 5 in Short Blades
  5210 | D:6      | Noticed a hand axe
  5210 | D:6      | Noticed a dagger
  5213 | D:6      | Found a hide-covered altar of Uskayaw.
  5272 | D:6      | Reached skill level 8 in Spellcasting
  5287 | D:6      | HP: 2/40 [acid (3)]
  5665 | D:6      | Found a bloodstained altar of Trog.
  5681 | D:6      | Reached XP level 9. HP: 44/44 MP: 8/22
  5835 | D:6      | Found a deep blue altar of Sif Muna.
  6044 | D:7      | Found a hazy altar of Hepliaklqana.
  6126 | D:7      | Reached skill level 9 in Spellcasting
  6483 | D:7      | Found a shadowy altar of Dithmenos.
  6779 | D:7      | Found a shattered altar of Ashenzari.
  7558 | D:8      | Found an iron altar of Okawaru.
  7580 | D:8      | Reached skill level 10 in Spellcasting
  7644 | D:8      | Engulfed by a cloud of freezing vapour

Vault maps used:
D:1:      erik_arrival_cave_to_civilisation, moated_statue
D:2:      overflow_temple_1_default, first_ration, roderic_filled_cross,
          due_unseen_surprise
D:3:      minmay_misc_feat_tiny, uniq_sigmund
D:4:      lemuel_doored_altar, kennysheep_minor_cross, uniq_eustachio
D:5:      doesnt_xom_only_xom, old_standard_altar, kiku_gazebo_pond_becter,
          temple_statues
D:6:      kennysheep_mini, dancing_weapons_uskayaw, trog_eyes_of_draining,
          corexii_item_surrounded_by_moat, minivault_1,
          chequers_serial_rivers_micro_a, minmay_misc_feat_roman,
          minmay_misc_feat_nine_boxes
D:7:      nicolae_dithmenos_through_a_glass_darkly, old_standard_altar,
          nicolae_ashenzari_panopticon
D:8:      lemuel_ice_spiral_2, lemuel_crystal_altar, nemelex_altar_shiori
Temple:   eino_temple_lava

Skill      XL: |  1  2  3  4  5  6  7  8  9 |
---------------+----------------------------+-----
Hexes          | 4 5 |  5.4
Spellcasting   | 3 4 5 6 8 10 | 10.2
Stealth        | 5 6 |  6.0
Short Blades   | 2 3 4 5 6 |  6.6
Dodging        | 4 5 6 7 9 |  9.1
Fighting       | 1 2 3 4 |  4.3

Action                   |  1- 3 |  4- 6 |  7- 9 || total
-------------------------+-------+-------+-------++-------
Melee: Dagger            |   128 |   102 |   343 ||   573
 Cast: Corona            |     6 |     1 |       ||     7
       Ensorcelled Hiber |    16 |    32 |    79 ||   127
       Confuse           |       |       |     2 ||     2
       Dazzling Spray    |       |       |     1 ||     1
Evoke: Wand              |       |       |     1 ||     1
  Use: Scroll            |       |    11 |     6 ||    17
       Potion            |       |       |     1 ||     1
 Stab: Sleeping          |    19 |    22 |    55 ||    96
       Confused          |       |       |     3 ||     3
       Invisible         |       |       |     1 ||     1
  Eat: Ration            |       |     1 |     2 ||     3
Armor: Robe              |    11 |     7 |     3 ||    21
       Troll leather arm |       |       |    35 ||    35
Dodge: Dodged            |    88 |   101 |   293 ||   482

Table legend:
 A = Non-vault XP
 B = Vault XP
 C = Vault XP percentage of total XP
 D = Non-vault monster count
 E = Vault monster count
 F = Vault count percentage of total count
                 A         B        C        D         E       F
            +---------+---------+-------+---------+---------+-------
      Total |    3842 |     879 |  18.6 |     181 |       6 |   3.2
            +---------+---------+-------+---------+---------+-------
        D:1 |      34 |       0 |   0.0 |      22 |       0 |   0.0
        D:2 |      95 |       0 |   0.0 |      20 |       0 |   0.0
        D:3 |     114 |     212 |  65.0 |      31 |       1 |   3.1
        D:4 |     422 |     191 |  31.2 |      18 |       1 |   5.3
        D:5 |     858 |       0 |   0.0 |      30 |       0 |   0.0
        D:6 |     515 |     476 |  48.0 |      15 |       4 |  21.1
        D:7 |    1193 |       0 |   0.0 |      30 |       0 |   0.0
        D:8 |     611 |       0 |   0.0 |      15 |       0 |   0.0
            +---------+---------+-------+---------+---------+-------
